 Dungeon Crawl Stone Soup version 0.23-a0-636-g0ff6057 (webtiles) character file.

6024 Malacante the Cruncher (level 10, -2/77 HPs)
             Began as a Demonspawn Venom Mage on Dec 28, 2018.
             Was a Priest of Makhleb.
             Slain by a sphinx (14 damage)
             ... on level 11 of the Dungeon.
             The game lasted 00:57:49 (12808 turns).

Malacante the Cruncher (Demonspawn Venom Mage)     Turns: 12808, Time: 00:57:49

Health: -2/77      AC:  8    Str: 14    XL:     10   Next: 56%
Magic:  7/13       EV: 14    Int: 20    God:    Makhleb [***...]
Gold:   255        SH:  9    Dex: 19    Spells: 7/13 levels left

rFire    . . .     SeeInvis +   u - +3 quarterstaff (chaos)
rCold    . . .     Gourm    .   (shield currently unavailable)
rNeg     + . .     Faith    .   q - +0 leather armour
rPois    .         Spirit   .   L - +1 helmet "Nyhiy" {rN+ Dex+3 Slay+2}
rElec    .         Reflect  +   n - +1 cloak
rCorr    .         Harm     .   h - +0 pair of gloves
MR       .....                  (no boots)
Stlth    ++........             J - +3 amulet of reflection
HPRegen  0.22/turn              g - ring of see invisible
MPRegen  0.13/turn              o - +3 ring of intelligence

@: mighty
A: hooves 2, large bone plates 2, powered by death 2, rot immunity
a: Minor Destruction, Lesser Servant of Makhleb, Renounce Religion


You were on level 11 of the Dungeon.
You worshipped Makhleb.
Makhleb was most pleased with you.
You were not hungry.

You visited 1 branch of the dungeon, and saw 11 of its levels.
You also visited: Ossuary.

You collected 609 gold pieces.
You spent 354 gold pieces at shops.

Inventory:

Hand Weapons
 u - a +3 quarterstaff of chaos (weapon)
 E - a +0 shortbow
Missiles
 b - 376 stones (quivered)
 y - a throwing net
Armour
 h - a +0 pair of gloves (worn)
 n - a +1 cloak (worn)
 q - a +0 leather armour (worn)
 v - a +0 ring mail
 L - the +1 helmet "Nyhiy" (worn) {rN+ Dex+3 Slay+2}
   (You bought it in a shop on level 6 of the Dungeon)

   It affects your dexterity (+3).
   It affects your accuracy and damage with ranged weapons and melee attacks
   (+2).
   It protects you from negative energy.
Jewellery
 g - a ring of see invisible (left hand)
 o - a +3 ring of intelligence (right hand)
 J - a +3 amulet of reflection (around neck)
Wands
 w - a wand of digging (4)
 x - a wand of random effects (28)
 G - a wand of polymorph (4)
Scrolls
 a - a scroll of identify
 d - 7 scrolls of fog
 e - 6 scrolls of remove curse
 f - 3 scrolls of immolation
 j - 2 scrolls of blinking
 r - 2 scrolls of amnesia {unknown}
 t - 2 scrolls of fear {unknown}
 B - 4 scrolls of enchant weapon {unknown}
 C - a scroll of noise {unknown}
 F - a scroll of teleportation {unknown}
Potions
 i - 2 potions of degeneration
 k - 3 potions of agility {unknown}
 l - 3 potions of brilliance
 p - a potion of mutation
 s - 2 potions of flight
 A - a potion of heal wounds
 D - a potion of lignification {unknown}
 K - a potion of invisibility {unknown}
Comestibles
 c - 20 rations


   Skills:
 - Level 6.8 Fighting
 - Level 10.3 Staves
 - Level 3.8 Dodging
 - Level 1.7 Stealth
 - Level 2.0 Spellcasting
 + Level 3.4 Conjurations
 - Level 6.8 Poison Magic
 - Level 5.0 Invocations


You had 7 spell levels left.
You knew the following spells:

 Your Spells              Type           Power        Failure   Level  Hunger
a - Sting                 Conj/Pois      ###.         2%          1    #......
b - Poisonous Vapours     Pois/Air       ###...       8%          2    ##.....
c - Mephitic Cloud        Conj/Pois/Air  ###.....     14%         3    ###....

Your spell library contained the following spells:

 Spells                   Type           Power        Failure   Level  Hunger
 Olgreb's Toxic Radiance  Pois           ####....     12%         4    #####..
 Confusing Touch          Hex            #.....       21%         1    #......
 Confuse                  Hex            #.......     52%         3    ###....
 Gell's Gravitas          Tloc           #.........   52%         3    ###....
 Venom Bolt               Conj/Pois      ###.......   56%         5    ######.
 Petrify                  Tmut/Erth      #.......     89%         4    #####..
 Metabolic Englaciation   Hex/Ice        #.........   99%         5    ######.
 Yara's Violent Unravell  Hex/Tmut       #.........   99%         5    ######.


Dungeon Overview and Level Annotations

Branches:
Dungeon (11/15)            Temple (0/1) D:4
   Lair: D:8-11         Orc: D:9-12

Altars:
Ashenzari
Cheibriados
Fedhas
Makhleb
Nemelex Xobeh
Qazlal
Ru
Sif Muna
Trog
Xom
The Shining One

Shops:
D:6 [   D:11 =

Annotations:
D:4 3 runed doors, Skryme's ghost, amateur OpWn


Innate Abilities, Weirdness & Mutations

You have hoof-like feet.
You are mostly covered in large bone plates. (SH +6)
You regenerate health from kills.
You are immune to rotting.


Message History

Unknown command.
The sphinx casts a spell.
You suddenly lose the ability to move!
Your neqoxec barely misses the sphinx.
The sphinx hits your ynoxinul!! The sphinx hits your ynoxinul!
The sphinx hits your ynoxinul.
Your ynoxinul dies!
Your neqoxec hits the sphinx!
The sphinx mumbles some strange words.
Something smites you!
Your neqoxec hits the sphinx but does no damage.
The sphinx hits you. x2; The sphinx completely misses you.
Your neqoxec gestures.
The sphinx hits you!!
* * * LOW HITPOINT WARNING * * *
The sphinx hits you but does no damage. x2
Your neqoxec barely misses the sphinx.
You can move again.
Unknown command.
A demon appears!
The sphinx hits you!
You die...

#.......###...))####.######
#....4..........#.# #
....##.###.#...##.#.######
# #.4.......##........#
###...##........<....
#.###.#.#####.####.# #.#
.........# #>#
#3###.######### ### ##[@.##
### ##H5## #.#####53.#
#.#....5### #u#.#....#
#.###...## #. ##.## ## #.#
#.#


You could see a sphinx, 2 friendly neqoxecs, a friendly white imp and 2 friendly
ufetubi.

Vanquished Creatures
  A hydra (D:11)
  A two-headed ogre (D:10)
  An ugly thing (D:11)
  A troll (D:9)
  A hippogriff (D:10)
  A spriggan (D:7)
  5 yaks (D:9)
  A hungry ghost (D:10)
  Menkaure (D:7)
  Edmund (D:4)
  A water moccasin (D:7)
  5 ice beasts
  4 phantoms
  A sky beast (D:11)
  A black bear (D:9)
  An ogre (D:8)
  A centaur (D:6)
  4 bullfrogs
  A water moccasin zombie (D:4)
  A wyvern skeleton (D:10)
  A scorpion (D:8)
  5 killer bees (D:10)
  3 jellies
  2 howler monkeys (D:8)
  2 crimson imps
  A centaur zombie (D:4)
  A bullfrog zombie (D:4)
  2 human zombies (Ossuary)
  2 orc priests
  3 hounds
  A centaur skeleton (D:7)
  8 orc wizards
  Crazy Yiuf (D:4)
  2 iguanas
  4 worker ants
  2 hound zombies
  A hound skeleton (D:4)
  4 mummies (Ossuary)
  A worker ant zombie (D:6)
  6 adders
  A shadow imp (D:7)
  An ooze (D:3)
  An adder zombie (Ossuary)
  3 worms
  A dart slug (D:1)
  7 leopard geckos
  24 orcs
  8 bats
  5 giant cockroaches
  2 gnoll zombies (Ossuary)
  8 goblins
  10 hobgoblins
  15 jackals
  4 quokkas
  2 ball python zombies (D:4)
  11 frilled lizards
  2 goblin zombies (Ossuary)
  3 hobgoblin zombies (Ossuary)
  A jackal skeleton (D:4)
  5 kobolds
  A kobold zombie (Ossuary)
  A leopard gecko zombie (D:5)
  5 rats
  A rat zombie (Ossuary)
208 creatures vanquished.

Vanquished Creatures (others)
  5 dream sheep (D:5)
5 creatures vanquished.

Grand Total: 213 creatures vanquished

Notes
Turn   | Place    | Note
-------+----------+-------------------------------------------
     0 | D:1      | Malacante the Demonspawn Venom Mage began the quest for the
                  | Orb.
     0 | D:1      | Reached XP level 1. HP: 13/13 MP: 3/3
   490 | D:1      | Gained mutation: You are partially covered in large bone
                  | plates. (SH +4) [demonic ancestry]
   490 | D:1      | Reached XP level 2. HP: 5/19 MP: 0/5
   748 | D:1      | Learned a level 2 spell: Poisonous Vapours
  1861 | D:2      | Gained mutation: You have large cloven feet. [demonic
                  | ancestry]
  1861 | D:2      | Reached XP level 3. HP: 24/24 MP: 3/6
  2011 | D:2      | Learned a level 3 spell: Mephitic Cloud
  2819 | D:2      | Found a shattered altar of Ashenzari.
  2819 | D:2      | Found a glowing golden altar of the Shining One.
  2833 | D:2      | Gained mutation: You are immune to rotting. [demonic
                  | ancestry]
  2833 | D:2      | Reached XP level 4. HP: 29/30 MP: 4/7
  2897 | D:2      | Found a burning altar of Makhleb.
  2897 | D:2      | Noticed a balrug
  2900 | D:2      | Noticed a ynoxinul
  2900 | D:2      | Noticed an orange demon
  2902 | D:2      | Became a worshipper of Makhleb the Destroyer
  3235 | D:3      | Found a sacrificial altar of Ru.
  3358 | D:3      | Found a stormy altar of Qazlal.
  3501 | D:3      | Reached skill level 5 in Poison Magic
  3845 | D:3      | Found a blossoming altar of Fedhas.
  4474 | D:4      | Found a runed gate.
  4474 | D:4      | Found a runed gate.
  4477 | D:4      | Found a runed gate.
  4480 | D:4      | Noticed Skryme's ghost (amateur OpWn)
  4588 | D:4      | Reached * piety under Makhleb
  4656 | D:4      | Gained mutation: You regenerate a little health from kills.
                  | [demonic ancestry]
  4656 | D:4      | Reached XP level 5. HP: 35/35 MP: 1/8
  4745 | D:4      | Found a staircase to the Ecumenical Temple.
  5263 | D:4      | Found a runed door.
  5281 | D:4      | Noticed Edmund
  5347 | D:4      | Killed Edmund
  5347 | D:4      | Reached XP level 6. HP: 18/41 MP: 1/9
  5550 | D:4      | Noticed Crazy Yiuf
  5556 | D:4      | Killed Crazy Yiuf
  5665 | D:4      | Reached skill level 1 in Staves
  5726 | D:4      | Reached skill level 2 in Staves
  6159 | D:5      | Entered Level 5 of the Dungeon
  6159 | D:5      | Found a shimmering altar of Xom.
  6169 | D:4      | Gained mutation: You have hoof-like feet. [demonic
                  | ancestry]
  6169 | D:4      | Reached XP level 7. HP: 30/46 MP: 2/10
  6170 | D:4      | Reached skill level 3 in Staves
  6411 | D:5      | Found a snail-covered altar of Cheibriados.
  6610 | D:5      | Noticed a dream sheep
  6610 | D:5      | Noticed a dream sheep
  6610 | D:5      | Noticed a dream sheep
  6610 | D:5      | Noticed a dream sheep
  6610 | D:5      | Noticed a dream sheep
  6610 | D:5      | Found a shimmering altar of Xom.
  6615 | D:5      | Killed a dream sheep
  6615 | D:5      | Killed a dream sheep
  6616 | D:5      | Killed a dream sheep
  6616 | D:5      | Killed a dream sheep
  6616 | D:5      | Killed a dream sheep
  6684 | D:5      | Found a deep blue altar of Sif Muna.
  6697 | D:5      | Reached skill level 4 in Staves
  7845 | D:5      | Reached skill level 5 in Staves
  8190 | D:6      | Found Agot's Armour Boutique.
  8245 | D:6      | Reached ** piety under Makhleb
  8336 | D:6      | Gained mutation: You are mostly covered in large bone
                  | plates. (SH +6) [demonic ancestry]
  8336 | D:6      | Reached XP level 8. HP: 52/52 MP: 11/11
  8352 | D:6      | Reached skill level 1 in Fighting
  8596 | D:6      | Found a burning altar of Makhleb.
  8751 | D:6      | You fall through a shaft for 2 floors!
  8899 | D:7      | Noticed Menkaure
  8932 | D:7      | Killed Menkaure
  8985 | D:7      | Found a sand-covered staircase.
  8992 | Ossuary  | Entered an ossuary
  9091 | Ossuary  | Reached skill level 1 in Invocations
  9290 | D:7      | Reached skill level 5 in Invocations
  9290 | D:7      | Gained mutation: You regenerate health from kills. [demonic
                  | ancestry]
  9290 | D:7      | Reached XP level 9. HP: 66/66 MP: 12/12
  9428 | D:7      | Reached skill level 5 in Fighting
 10774 | D:9      | Found a bloodstained altar of Trog.
 10791 | D:9      | Reached *** piety under Makhleb
 10791 | D:9      | Reached skill level 6 in Staves
 10968 | D:9      | Noticed a troll
 10977 | D:9      | Killed a troll
 11449 | D:9      | Reached skill level 7 in Staves
 11547 | D:6      | Bought the +1 helmet "Nyhiy" {rN+ Dex+3 Slay+2} for 354
                  | gold pieces
 11679 | D:9      | Reached skill level 8 in Staves
 11768 | D:10     | Entered Level 10 of the Dungeon
 11807 | D:10     | Found a sparkling altar of Nemelex Xobeh.
 11974 | D:10     | Reached XP level 10. HP: 77/77 MP: 10/13
 12075 | D:10     | Noticed a two-headed ogre
 12090 | D:10     | Killed a two-headed ogre
 12090 | D:10     | Reached skill level 9 in Staves
 12617 | D:11     | Noticed a six-headed hydra
 12643 | D:11     | Killed a six-headed hydra
 12643 | D:11     | Reached skill level 10 in Staves
 12722 | D:11     | Found Neakhylu's Jewellery Emporium.
 12763 | D:11     | Noticed a purple ugly thing
 12779 | D:11     | Killed a purple ugly thing
 12794 | D:11     | Noticed a sphinx
 12803 | D:11     | Paralysed by a sphinx for 5 turns
 12808 | D:11     | Slain by a sphinx

Vault maps used:
D:1:      minmay_arrival_shattered_statue, serial_forest,
          infiniplex_forest_straight_5, infiniplex_forest_end_2,
          infiniplex_forest_lined_3, infiniplex_forest_split,
          infiniplex_forest_clump_curved, infiniplex_forest_clump_diagonal
D:2:      grunt_temple_overflow_open, makhleb_altar_promises_db
D:3:      nicolae_qazlal_general_emergency, nicolae_ru_sacrificial_ziggurat,
          fedhas_ov_isle_minmay
D:4:      minmay_temple_entry_wispy, serial_undead, serial_undead_f,
          serial_undead_e, serial_undead_d, serial_undead_b,
          ebering_ghost_rock_garden, uniq_edmund, uniq_crazy_yiuf_cottage
D:5:      xom_butterflies, led_sif_book, kennysheep_mini, first_ration,
          kb_xom_exploding_sheep
D:6:      kennysheep_mini_moat, serial_shops, shop
D:7:      chequers_ossuary_entry_cave, the_bakery, uniq_menkaure
D:9:      basic_altar
D:10:     nemelex_diamond_rough_becter
D:11:     minmay_chopped_fan, lair_entry_dummy, biasface_ghost_orc_armoury,
          basic_altar, serial_shops, nicolae_shop_window_shopping, shop, shop,
          nicolae_shop_trees, nicolae_shop_stone, uniq_sonja
Ossuary:  ossuary_minmay_tomb_2a

Skill      XL: |  1  2  3  4  5  6  7  8  9 10 |
---------------+-------------------------------+-----
Poison Magic   | 4 5 6 |  6.8
Conjurations   | 2 3 |  3.4
Staves         | 2 5 8 10 | 10.3
Fighting       | 4 6 |  6.8
Dodging        | 3 |  3.8
Invocations    | 5 |  5.0
Stealth        | |  1.7
Spellcasting   | |  2.0

Action                   |  1- 3 |  4- 6 |  7- 9 | 10-12 || total
-------------------------+-------+-------+-------+-------++-------
Melee: Dagger            |    43 |    37 |       |       ||    80
       Club              |     3 |       |       |       ||     3
       Kick              |     1 |    16 |    70 |    14 ||   101
       Quarterstaff      |       |    39 |   286 |    51 ||   376
Throw: Stone             |    16 |    12 |    29 |     1 ||    58
 Cast: Sting             |    72 |    62 |     9 |       ||   143
       Poisonous Vapours |     8 |    26 |    59 |    12 ||   105
       Mephitic Cloud    |       |       |     1 |     1 ||     2
Invok: Minor Destruction |       |       |    10 |     6 ||    16
       Lesser Servant of |       |       |       |     5 ||     5
Evoke: Wand              |       |       |       |     2 ||     2
  Use: Potion            |       |       |     3 |     4 ||     7
       Scroll            |       |       |    14 |       ||    14
 Stab: Sleeping          |     1 |     1 |       |       ||     2
       Confused          |       |       |     5 |     2 ||     7
       Paralysed         |       |       |     2 |       ||     2
  Eat: Chunk             |     8 |    10 |    15 |     5 ||    38
       Ration            |       |     1 |     2 |       ||     3
Armor: Robe              |    15 |     7 |       |       ||    22
       Leather armour    |       |    10 |    73 |     4 ||    87
Dodge: Dodged            |    52 |    57 |   167 |    27 ||   303
       Deflected         |     1 |       |       |       ||     1
Block: Other             |     7 |    19 |    76 |    24 ||   126

Table legend:
 A = Non-vault XP
 B = Vault XP
 C = Vault XP percentage of total XP
 D = Non-vault monster count
 E = Vault monster count
 F = Vault count percentage of total count
                 A         B        C        D         E       F
            +---------+---------+-------+---------+---------+-------
      Total |    7072 |    1535 |  17.8 |     177 |      31 |  14.9
            +---------+---------+-------+---------+---------+-------
        D:1 |      34 |       0 |   0.0 |      19 |       0 |   0.0
        D:2 |      64 |       0 |   0.0 |      26 |       0 |   0.0
        D:3 |      67 |       0 |   0.0 |      22 |       0 |   0.0
        D:4 |     178 |     406 |  69.5 |      23 |       9 |  28.1
        D:5 |     331 |      80 |  19.5 |      13 |       2 |  13.3
        D:6 |     714 |       0 |   0.0 |      19 |       0 |   0.0
        D:7 |     878 |     373 |  29.8 |      12 |       2 |  14.3
        D:8 |     318 |       0 |   0.0 |       6 |       0 |   0.0
        D:9 |    1655 |       0 |   0.0 |      14 |       0 |   0.0
       D:10 |    2054 |       0 |   0.0 |      17 |       0 |   0.0
       D:11 |     779 |     505 |  39.3 |       6 |       2 |  25.0
    Ossuary |       0 |     171 | 100.0 |       0 |      16 | 100.0
            +---------+---------+-------+---------+---------+-------
